 Dungeon Crawl Stone Soup version 0.17-a0-1718-g72dbe4d (webtiles) character file.

4801 nuthulu the Geomancer (level 10, -3/75 HPs)
             Began as a Deep Dwarf Earth Elementalist on Aug 26, 2015.
             Was a Follower of Vehumet.
             Slain by a wolf (9 damage)
             ... led by Grum
             ... on level 8 of the Dungeon.
             The game lasted 00:32:24 (8746 turns).

nuthulu the Geomancer (DDEE)                        Turns: 8746, Time: 00:32:24

Health: -3/75      AC:  8    Str: 13    XL:     10   Next: 24%
Magic:  11/18      EV: 15    Int: 22    God:    Vehumet [*.....]
Gold:   278        SH:  0    Dex: 13    Spells: 4 memorised, 9 levels left

rFire  + . .     SeeInvis .     a - 29 stones
rCold  . . .     Clarity  .     E - +1 leather armour {rF+}
rNeg   . . .     SustAt   .     (no shield)
rPois  .         Gourm    .     (helmet restricted)
rElec  .         Spirit   .     G - +0 cloak {+Inv}
rCorr  .         Warding  .     t - +0 pair of gloves
rMut   .         Stasis   +     B - +1 pair of boots
MR     ++...                    s - amulet of stasis
Stlth  ++........               D - +4 ring of intelligence
                                r - ring of protection from magic

@: very slightly contaminated, non-regenerating, drained, very resistant to
hostile enchantments, unstealthy
A: damage resistance, recharge devices, antennae 1, hooves 1, mutation
resistance 1, sense surroundings 2, slow healing 3, teleportitis 1, wild magic 1
a: Device Recharging, Renounce Religion, Evoke Invisibility


You were on level 8 of the Dungeon.
You worshipped Vehumet.
Vehumet was aware of your devotion.
You were not hungry.

You visited 2 branches of the dungeon, and saw 9 of its levels.

You collected 434 gold pieces.
You spent 156 gold pieces at shops.

Inventory:

Missiles
 a - 29 stones (in hand)
Armour
 b - a +0 robe
 t - a +0 pair of gloves (worn)
 v - a +0 helmet
 x - a +0 cloak
 B - a +1 pair of boots (worn)
 E - a +1 leather armour of fire resistance (worn)
 G - a +0 cloak of invisibility (worn)
Magical staves
 u - an uncursed staff of fire
Jewellery
 f - an uncursed ring of invisibility
 q - an uncursed ring of protection from cold
 r - a ring of protection from magic (left hand)
 s - an amulet of stasis (around neck)
 D - a +4 ring of intelligence (right hand)
Magical devices
 d - a wand of heal wounds (1)
 y - a wand of lightning (2)
 H - a wand of draining (5)
Scrolls
 o - a scroll of enchant weapon
 p - 6 scrolls of remove curse
 w - 2 scrolls of identify
 C - 3 scrolls of teleportation
 F - a scroll of fog
Potions
 g - a potion of brilliance
 h - 3 potions of curing
 i - 2 potions of haste
 j - 3 potions of might
 z - 2 potions of flight
 A - a potion of agility
Books
 c - a book of Geomancy

   Spells                             Type                      Level
   a - Sandblast                      Earth                        1
   b - Stoneskin                      Transmutation/Earth          2
   c - Passwall                       Transmutation/Earth          3
   d - Stone Arrow                    Conjuration/Earth            3
   e - Petrify                        Transmutation/Earth          4
   f - Lee's Rapid Deconstruction     Earth                        5
Comestibles
 e - 5 bread rations
 k - 3 fruits
 l - 2 chunks of flesh
 m - 3 meat rations
 n - a beef jerky


   Skills:
 + Level 7.6(7.3) Dodging
 - Level 2.9(2.7) Stealth
 + Level 5.9(5.7) Spellcasting
 + Level 5.8(5.6) Conjurations
 - Level 0.8(0.6) Transmutations
 + Level 9.6(9.3) Earth Magic
 + Level 9.0(8.7) Evocations


You had 9 spell levels left.
You knew the following spells:

 Your Spells              Type           Power        Failure   Level  Hunger
a - Sandblast             Erth           ######       2%          1    None
b - Stoneskin             Trmt/Erth      #####...     7%          2    None
c - Stone Arrow           Conj/Erth      ######       5%          3    ##.....
d - Lee's Rapid Deconstr  Erth           ######....   19%         5    #####..


Dungeon Overview and Level Annotations

Branches:
Dungeon (8/15)             Temple (1/1) D:6
   Lair: D:8-11

Altars:
Gozag
Nemelex Xobeh
Ru
Trog
Vehumet

Shops:
D:5 =*!*[

Annotations:
D:8 Grum


Innate Abilities, Weirdness & Mutations

You are resistant to damage.
You can recharge devices by infusing magical energy.
You passively map the area around you.
You do not heal naturally.
You have a pair of small antennae on your head.
You have large cloven feet.
You are somewhat resistant to further mutation.
You are occasionally teleported to nearby monsters.
Your spells are a little harder to cast, but a little more powerful.


Message History

Aim: a wolf The rocky blast misses the wolf.
The wolf barely misses you. The wolf misses you. The wolf bites you!
Grum barely misses you. The wolf bites you.
Grum hits you from afar with a spear!
* * * LOW HITPOINT WARNING * * *
The wolf bites you!
* * * LOW HITPOINT WARNING * * *
The wolf bites you but does no damage. The wolf barely misses you.
The wolf misses you. The wolf barely misses you. The wolf bites you.
* * * LOW HITPOINT WARNING * * *
Found a stone staircase leading down.
The wolf bites you but does no damage. The wolf misses you.
Grum sniffs the air and quickly glances around.
The wolf bites you but does no damage. x2
The wolf bites you but does no damage. The wolf bites you!
* * * LOW HITPOINT WARNING * * *
The wolf bites you but does no damage. The wolf closely misses you.
The wolf closely misses you. The wolf bites you!
You die...

*,****,,,**,,,,,,,,
*.##*#..,,,,,,,,***
*..#*..*,,,******
###.##.#**,,** #...#..*
*,,,*******
#...#.#**#.,,,,,,,,,
##.....###..****,,,,*
#.....#....#**,,,,*,,
*#####..@#....>#,,,******
*.......hh......,*** **
*.......g.......********,
*.....#.........##*,,,,,,
*###..............,,****,
#.....>.....#.#*** *,
**#.##...#....#.# **
##...#....######.########
****####..#*#.#..##
###.).......


You could see Grum and 2 wolves.

Vanquished Creatures
  Pikel (D:6)
  Maurice (D:8)
  2 orc warriors
  A troll (D:7)
  Grinder (D:6)
  2 wolves (D:8)
  2 hippogriffs
  A water moccasin (D:7)
  Duvessa (D:7)
  A black bear (D:7)
  A sky beast (D:5)
  An ogre (D:8)
  2 phantoms
  3 centaurs
  2 big kobolds
  3 giant frogs
  Dowan (D:7)
  A scorpion (D:6)
  10 killer bees
  3 wights (D:6)
  2 crimson imps
  3 orc priests
  5 orc wizards
  Crazy Yiuf (D:6)
  3 hounds
  2 jellies
  An iguana (D:4)
  A giant frog skeleton (D:5)
  4 worker ants
  A hound skeleton (D:7)
  A mummy (D:8)
  7 gnolls
  6 adders
  A shadow imp (D:8)
  2 oozes (D:1)
  2 adder zombies
  An adder skeleton (D:5)
  4 worms
  A giant gecko (D:2)
  21 orcs
  2 bats (D:3)
  2 giant cockroaches
  6 goblins
  6 hobgoblins
  2 jackals (D:1)
  A quokka (D:2)
  2 ball pythons
  2 giant gecko skeletons (D:4)
  A giant gecko zombie (D:7)
  3 giant newts
  14 kobolds
  A kobold zombie (D:8)
  7 rats
158 creatures vanquished.

Vanquished Creatures (others)
  2 slaves (D:6)
  2 orcs (D:6)
  A quokka zombie (D:6)
5 creatures vanquished.

Grand Total: 163 creatures vanquished

Notes
Turn   | Place    | Note
--------------------------------------------------------------
     0 | D:1      | nuthulu the Deep Dwarf Earth Elementalist began the quest for the Orb.
     0 | D:1      | Reached XP level 1. HP: 15/15 MP: 3/3
   157 | D:1      | Reached skill level 1 in Evocations
   172 | D:1      | Reached XP level 2. HP: 19/22 MP: 0/4
   449 | D:1      | Learned a level 2 spell: Stoneskin
  1336 | D:2      | Reached XP level 3. HP: 11/28 MP: 0/5
  1470 | D:2      | Learned a level 3 spell: Stone Arrow
  2004 | D:2      | Reached XP level 4. HP: 24/36 MP: 4/7
  2731 | D:3      | Reached skill level 1 in Conjurations
  3106 | D:3      | Gained mutation: You are dopey. (Int -2) [potion of mutation]
  3106 | D:3      | Gained mutation: You are occasionally teleported to nearby monsters. [potion of mutation]
  3106 | D:3      | Gained mutation: You have large cloven feet. [potion of mutation]
  3107 | D:3      | Gained mutation: Your spells are a little harder to cast, but a little more powerful. [potion of mutation]
  3107 | D:3      | Gained mutation: You have a pair of small antennae on your head. [potion of mutation]
  3107 | D:3      | Lost mutation: You are dopey. (Int -2) [potion of mutation]
  3115 | D:3      | Reached skill level 5 in Earth Magic
  3115 | D:3      | Reached XP level 5. HP: 17/42 MP: 1/8
  3388 | D:4      | Reached XP level 6. HP: 42/49 MP: 4/10
  4037 | D:4      | Found a bloodstained altar of Trog.
  4531 | D:5      | Entered Level 5 of the Dungeon
  4633 | D:5      | Found Alomaobri's Armour Shop.
  4636 | D:5      | Bought a +0 cloak for 49 gold pieces
  4662 | D:5      | Found Gecw's General Store.
  4670 | D:5      | Bought 19 stones for 24 gold pieces
  4719 | D:5      | Found Sujy's General Store.
  4733 | D:5      | Gained mutation: You are somewhat resistant to further mutation. [potion of beneficial mutation]
  4739 | D:5      | Bought a scroll of identify for 28 gold pieces
  4752 | D:5      | Reached XP level 7. HP: 47/55 MP: 9/11
  4756 | D:5      | Reached skill level 6 in Earth Magic
  4857 | D:5      | Found a sacrificial altar of Ru.
  4904 | D:5      | Reached skill level 5 in Evocations
  5036 | D:5      | Found Capnufar's Jewellery Boutique.
  5240 | D:5      | Found Bief Semunad's Distillery.
  5245 | D:5      | Bought a potion of heal wounds for 55 gold pieces
  5496 | D:5      | Reached skill level 5 in Dodging
  5984 | D:6      | Reached XP level 8. HP: 48/62 MP: 9/13
  6016 | D:6      | Learned a level 5 spell: Lee's Rapid Deconstruction
  6216 | D:6      | Noticed Pikel
  6222 | D:6      | Killed Pikel
  6222 | D:6      | Reached skill level 7 in Earth Magic
  6274 | D:6      | Noticed Crazy Yiuf
  6278 | D:6      | Killed Crazy Yiuf
  6362 | D:6      | Noticed Grinder
  6366 | D:6      | Killed Grinder
  6448 | D:6      | Gained mutation: You passively map the area around you. [Deep Dwarf growth]
  6448 | D:6      | Reached XP level 9. HP: 53/68 MP: 12/16
  6548 | D:6      | Found a staircase to the Ecumenical Temple.
  6557 | Temple   | Entered the Ecumenical Temple
  6567 | Temple   | Became a worshipper of Vehumet
  6733 | D:6      | Reached skill level 8 in Earth Magic
  6997 | D:7      | Reached skill level 5 in Spellcasting
  7257 | D:7      | Reached skill level 5 in Conjurations
  7260 | D:7      | Noticed Duvessa
  7264 | D:7      | Killed Duvessa
  7265 | D:7      | Noticed Dowan
  7270 | D:7      | Killed Dowan
  7417 | D:7      | Reached skill level 9 in Earth Magic
  7476 | D:7      | Acquired Vehumet's first power
  7476 | D:7      | Offered knowledge of Magic Dart by Vehumet.
  8368 | D:8      | Noticed Maurice
  8520 | D:8      | Killed Maurice
  8520 | D:8      | Reached XP level 10. HP: 31/75 MP: 10/18
  8672 | D:8      | Found an opulent altar of Gozag.
  8719 | D:8      | Noticed Grum
  8746 | D:8      | Slain by a wolf

Vault maps used:
D:1:      zelgadis_glass_arrival_small, serial_park_tiny_pond,
          minmay_crystal_water, dk_noncrumbling_2
D:3:      nrook_loot_triangle, interstate_on_off
D:4:      bloody_trog
D:5:      serial_shops, shop, nicolae_shop_crystal, nicolae_shop_crystal,
          shop_fountains, shop, first_bread, minmay_crystal_room,
          grunt_decor_resistance, nicolae_ru_sacrificial_ziggurat
D:6:      lemuel_temple_firewalk_marked, uniq_grinder, uniq_crazy_yiuf_cottage,
          uniq_pikel
D:7:      uniq_duvessa
D:8:      nicolae_gozag_seed_capital, nicolae_ossuary_entry_giza,
          amalloy_card_club, uniq_grum, uniq_maurice
Temple:   minmay_crystal_snake_temple_18

Action                   |  1- 3 |  4- 6 |  7- 9 | 10-12 || total
-------------------------+-------+-------+-------+-------++-------
Melee: Unarmed           |     6 |    30 |       |       ||    36
 Cast: Sandblast         |    68 |    81 |   145 |    34 ||   328
       Stoneskin         |     1 |       |     1 |       ||     2
       Stone Arrow       |       |       |     5 |       ||     5
       Lee's Rapid Decon |       |       |     4 |     1 ||     5
Evoke: Wand              |     1 |     3 |     8 |       ||    12
  Use: Scroll            |     7 |     8 |     4 |     1 ||    20
       Potion            |       |     6 |     1 |     1 ||     8
  Eat: Chunk             |     5 |     6 |     5 |       ||    16
       Bread ration      |       |     1 |     2 |       ||     3
